 Dungeon Sprint DCSS version 0.19.1 (webtiles) character file.

7450 equalderp2856 the Eviscerator (level 10, -8/51 HPs)
             Began as a Felid Fighter on Dec 18, 2016.
             Was the Champion of Cheibriados.
             Mangled by an emperor scorpion (22 damage)
             ... in the Dungeon (Sprint IX: "|||||||||||||||||||||||||||||").
             The game lasted 00:11:04 (3659 turns).

equalderp2856 the Eviscerator (Felid Fighter)       Turns: 3659, Time: 00:11:05

Health: -8/51      AC: -9    Str: 30    XL:     10   Next: 93%
Magic:  15/15      EV: 40    Int: 28    God:    Cheibriados [******]
Gold:   1197       SH:  0    Dex: 35    Spells: 6 memorised, 6 levels left
                                        Lives:  0   Deaths: 2

rFire  . . .     SeeInvis +       - Unarmed
rCold  + . .     Gourm    .     (armour unavailable)
rNeg   . . .     Faith    .     (shield unavailable)
rPois  .         Spirit   .     (helmet unavailable)
rElec  .         Reflect  .     (cloak unavailable)
rCorr  .         Harm     .     (gloves unavailable)
MR     +....     NoTele   +     (boots unavailable)
Stlth  +++++++...               (no amulet)
                                n - +3 ring of intelligence
                                m - +3 ring of dexterity

@: corroded, very slow
A: no armour, no weapons or thrown items, stealth, claws 1, fangs 3, see
invisible, carnivore 3, speed 1, shaggy fur 3, slow metabolism 1, sharp paws
a: Bend Time, Temporal Distortion, Slouch, Step From Time, Renounce Religion


You were in the Dungeon.
You worshipped Cheibriados.
Cheibriados was exalted by your worship.
You were not hungry.

You visited 1 branch You collected 1912 gold pieces.
You spent 715 gold pieces at shops.

Inventory:

Jewellery
 m - a +3 ring of dexterity (left paw)
 n - a +3 ring of intelligence (right paw)
 v - an uncursed ring of protection from magic
 w - an uncursed ring of ice
 x - an uncursed ring of ice
 y - an uncursed ring of fire
Wands
 l - a wand of acid (7/15)
Scrolls
 h - 3 scrolls of blinking
 j - 4 scrolls of remove curse
 k - 2 scrolls of amnesia
 p - 4 scrolls of identify
 q - 3 scrolls of fear
 A - a scroll of fog
Potions
 a - a potion of might
 c - 2 potions of curing
 d - 4 potions of heal wounds
 e - a potion of haste
 f - 4 potions of magic
 g - 2 potions of berserk rage
 i - a potion of invisibility
 u - a potion of lignification {unknown}
 z - a potion of brilliance
Books
 o - a book of Dreams

   Spells                             Type                      Level
   a - Ensorcelled Hibernation        Hexes/Ice                    2
   b - Silence                        Hexes/Air                    5
   c - Darkness                       Hexes                        6
   d - Shadow Creatures               Summoning                    6
 r - a book of Maledictions

   Spells                             Type                      Level
   a - Corona                         Hexes                        1
   b - Ensorcelled Hibernation        Hexes/Ice                    2
   c - Confuse                        Hexes                        3
   d - Tukima's Dance                 Hexes                        3
   e - Dazzling Spray                 Conjuration/Hexes            3
 s - a book of Cantrips

   Spells                             Type                      Level
   a - Confusing Touch                Hexes                        1
   b - Animate Skeleton               Necromancy                   1
   c - Summon Small Mammal            Summoning                    1
   d - Apportation                    Translocation                1
 t - a book of Minor Magic

   Spells                             Type                      Level
   a - Magic Dart                     Conjuration                  1
   b - Blink                          Translocation                2
   c - Call Imp                       Summoning                    2
   d - Repel Missiles                 Charms/Air                   2
   e - Slow                           Hexes                        2
   f - Conjure Flame                  Conjuration/Fire             3
   g - Mephitic Cloud                 Conjuration/Poison/Air       3
Comestibles
 b - 12 meat rations


   Skills:
 + Level 10.6 Fighting
 + Level 18.0 Dodging
 + Level 12.1 Stealth
 + Level 24.2 Unarmed Combat
 * Level 3.2 Spellcasting
 * Level 4.6 Invocations


You had 6 spell levels left.
You knew the following spells:

 Your Spells              Type           Power        Failure   Level  Hunger
a - Animate Skeleton      Necr           N/A          10%         1    None
b - Blink                 Tloc           N/A          14%         2    #......
c - Confusing Touch       Hex            #.....       10%         1    None
d - Repel Missiles        Chrm/Air       #.....       14%         2    #......
e - Ensorcelled Hibernat  Hex/Ice        #.....       14%         2    #......
f - Corona                Hex            #......      10%         1    None


Dungeon Overview and Level Annotations

Branches:
Dungeon (1/1)

Altars:
Cheibriados
Dithmenos
Elyvilon
Fedhas
Gozag
Hepliaklqana
Kikubaaqudgha
Makhleb
Nemelex Xobeh
Okawaru
Qazlal
Ru
Sif Muna
Trog
Uskayaw
Vehumet
Xom
Yredelemnul
Zin
The Shining One
Beogh
Jiyva
Lugonu

Shops:
D [(=:


Innate Abilities, Weirdness & Mutations

You cannot wear armour.
You are incapable of wielding weapons or throwing items.
Your paws allow you to move quietly. (Stealth)
You have sharp claws.
You have razor-sharp teeth.
You have supernaturally acute eyesight. (SInv)
You are carnivorous and can eat meat at any time.
You cover ground quickly.
Your thick and shaggy fur keeps you warm. (AC +3, rC+)
You have a slow metabolism.
Your sharp claws are effective at attacking unaware monsters.


Message History

You see here a spear.
You open the door. 3 spiders, an emperor scorpion, a demonic crawler and an entropy weaver come into view.
The orb spider hisses angrily.
The orb spider pulsates with a strange energy.
A jumping spider comes into view.
There is an open door to the Spider Nest here.
You scratch the emperor scorpion but do no damage.
Your claw misses the emperor scorpion. The emperor scorpion misses you.
The emperor scorpion claws you. The emperor scorpion barely misses you.
The entropy weaver casts a spell.
The entropic weave corrodes you! The emperor scorpion stings you!!
The emperor scorpion barely misses you. The emperor scorpion claws you!
* * * LOW HITPOINT WARNING * * *
The entropy weaver casts a spell.
The entropic weave corrodes you!
The entropy weaver mumbles some strange words.
The entropic weave corrodes you! The emperor scorpion stings you!!
You die...

▓s▓.▓.▓.▓'▓.▓.▓.▓.
▓.▓.▓.▓.▓.▓.▓.▓.▓_
▓.▓.▓.▓.▓.▓.▓.▓.▓_
▓s▓.▓.▓.▓.▓.▓.▓.▓_
▓a▓.▓.▓.▓.▓.▓.▓.▓_
▓'▓.▓.▓.▓.▓.▓.▓.▓_
▓s▓.▓.▓.▓.▓.▓.▓.▓_
▓s▓.▓.▓.▓)▓.▓.▓.▓_
▓@▓.▓.▓.▓)▓.▓†▓.▓_
▓.▓.▓[▓.▓)▓.▓†▓.▓_
▓.▓.▓[▓.▓)▓.▓.▓.▓_
▓.▓.▓[▓.▓)▓.▓.▓.▓_
▓)▓.▓[▓.▓)▓.▓.▓.▓_
▓.▓.▓[▓.▓'▓.▓.▓.▓_
▓)▓.▓[▓.▓.▓.▓.▓.▓_
▓'▓.▓[▓.▓.▓.▓.▓.▓_
▓.▓.▓[▓.▓.▓.▓.▓.▓_


You could see an emperor scorpion, an entropy weaver, a wolf spider (wandering)
and an orb spider.

Vanquished Creatures
  Kirke (D)
  A nagaraja (D)
  Snorg (D)
  A merfolk impaler (D)
  A yaktaur captain (D)
  A naga warrior (D)
  Erica (D)
  An anaconda (D)
  3 ogre magi (D)
  Nergalle (D)
  A salamander mystic (D)
  A naga ritualist (D)
  A harpy (D)
  A hill giant (D)
  2 ugly things (D)
  A deep elf mage (D)
  2 elephants (D)
  A siren (D)
  2 naga magi (D)
  2 water nymphs (D)
  A spiny frog (D)
  A guardian serpent (D)
  An efreet (D)
  A yaktaur (D)
  A troll (shapeshifter) (D)
  6 two-headed ogres (D)
  4 polar bears (D)
  5 hippogriffs (D)
  3 snapping turtles (D)
  A raiju (shapeshifter) (D)
  A blink frog (D)
  A shadow (D)
  2 hogs (D)
  A yak (D)
  A vampire mosquito (D)
  A naga (D)
  3 water moccasins (D)
  3 porcupines (D)
  An ice beast (D)
  A sky beast (D)
  5 black bears (D)
  15 orc warriors (D)
  An eye of draining (shapeshifter) (D)
  6 ogres (D)
  A wolf (D)
  A centaur (D)
  A crocodile (D)
  2 bullfrogs (D)
  A scorpion (D)
  2 orc wizards (D)
  4 orc priests (D)
  An iguana (D)
  2 worker ants (D)
  An adder (D)
  An adder skeleton (D)
  3 adder zombies (D)
  5 orcs (D)
  A bat skeleton (D)
  A giant cockroach (D)
  A goblin (D)
  A jackal (D)
  A bat (D)
  A giant cockroach zombie (D)
  2 rats (D)
125 creatures vanquished.

Vanquished Creatures (others)
  3 humans (D)
3 creatures vanquished.

Grand Total: 128 creatures vanquished

Notes
Turn   | Place    | Note
-------+----------+-------------------------------------------
     0 | D        | equalderp2856 the Felid Fighter began the quest for the Orb.
     0 | D        | Reached XP level 1. HP: 10/10 MP: 2/2
    16 | D        | Noticed a worker ant
    19 | D        | Reached skill level 5 in Unarmed Combat
    19 | D        | Reached XP level 2. HP: 14/14 MP: 3/3
    31 | D        | Reached skill level 1 in Stealth
    38 | D        | Reached skill level 5 in Dodging
    38 | D        | Reached skill level 6 in Unarmed Combat
    38 | D        | Reached XP level 3. HP: 11/18 MP: 4/4
   152 | D        | Found a roughly hewn altar of Beogh.
   152 | D        | Found a snail-covered altar of Cheibriados.
   152 | D        | Found a shadowy altar of Dithmenos.
   152 | D        | Found a white marble altar of Elyvilon.
   152 | D        | Found a blossoming altar of Fedhas.
   152 | D        | Found an opulent altar of Gozag.
   153 | D        | Found a hazy altar of Hepliaklqana.
   154 | D        | Found a viscous altar of Jiyva.
   155 | D        | Found an ancient bone altar of Kikubaaqudgha.
   156 | D        | Found a corrupted altar of Lugonu.
   157 | D        | Found a burning altar of Makhleb.
   158 | D        | Found a sparkling altar of Nemelex Xobeh.
   159 | D        | Found an iron altar of Okawaru.
   160 | D        | Found a stormy altar of Qazlal.
   161 | D        | Found a sacrificial altar of Ru.
   162 | D        | Found a deep blue altar of Sif Muna.
   172 | D        | Became a worshipper of Cheibriados the Contemplative
   180 | D        | Found a bloodstained altar of Trog.
   181 | D        | Found a hide-covered altar of Uskayaw.
   182 | D        | Found a radiant altar of Vehumet.
   183 | D        | Found a shimmering altar of Xom.
   184 | D        | Found a basalt altar of Yredelemnul.
   185 | D        | Found a glowing silver altar of Zin.
   186 | D        | Found a glowing golden altar of the Shining One.
   213 | D        | Noticed a hippogriff
   213 | D        | Noticed a scorpion
   213 | D        | Noticed a sky beast
   226 | D        | Killed a sky beast
   226 | D        | Reached skill level 5 in Fighting
   226 | D        | Reached skill level 8 in Unarmed Combat
   226 | D        | Reached XP level 4. HP: 13/23 MP: 5/5
   229 | D        | Reached * piety under Cheibriados
   229 | D        | Reached XP level 5. HP: 15/26 MP: 6/6
   245 | D        | Reached skill level 9 in Unarmed Combat
   248 | D        | Killed a hippogriff
   248 | D        | Reached ** piety under Cheibriados
   248 | D        | Reached skill level 11 in Unarmed Combat
   248 | D        | Gained mutation: You are covered in thick fur. (AC +2) [Felid growth]
   248 | D        | Reached XP level 6. HP: 9/31 MP: 7/7
   464 | D        | Noticed a hippogriff
   464 | D        | Noticed an ice beast
   464 | D        | Noticed a hippogriff
   464 | D        | Noticed a green ugly thing
   475 | D        | Killed a green ugly thing
   475 | D        | Reached *** piety under Cheibriados
   475 | D        | Reached skill level 10 in Dodging
   475 | D        | Reached skill level 13 in Unarmed Combat
   475 | D        | Reached XP level 7. HP: 21/36 MP: 8/8
   480 | D        | Killed a hippogriff
   484 | D        | Reached XP level 8. HP: 22/40 MP: 9/9
   485 | D        | Reached **** piety under Cheibriados
   490 | D        | Killed a hippogriff
   490 | D        | Reached skill level 14 in Unarmed Combat
   821 | D        | Noticed a hippogriff
   823 | D        | Reached ***** piety under Cheibriados
   828 | D        | Reached skill level 5 in Stealth
   829 | D        | Reached skill level 15 in Unarmed Combat
   847 | D        | Killed a hippogriff
   851 | D        | Reached ****** piety under Cheibriados
   851 | D        | Reached XP level 9. HP: 28/45 MP: 10/10
  1100 | D        | Noticed a polar bear
  1100 | D        | Noticed a spiny frog
  1102 | D        | Killed a spiny frog
  1102 | D        | Reached skill level 16 in Unarmed Combat
  1103 | D        | Noticed an elephant
  1109 | D        | Noticed an elephant
  1115 | D        | Killed a polar bear
  1116 | D        | Reached skill level 17 in Unarmed Combat
  1127 | D        | Killed an elephant
  1146 | D        | Killed an elephant
  1146 | D        | Reached XP level 10. HP: 27/50 MP: 11/11
  1309 | D        | Reached skill level 18 in Unarmed Combat
  1642 | D        | Reached skill level 19 in Unarmed Combat
  1774 | D        | Found Liveam's Book Boutique.
  1774 | D        | Noticed an ogre mage
  1777 | D        | Found Basuc's Jewellery Shop.
  1778 | D        | Killed an ogre mage
  1778 | D        | Reached skill level 10 in Fighting
  1778 | D        | Reached skill level 15 in Dodging
  1778 | D        | Reached skill level 20 in Unarmed Combat
  1779 | D        | Noticed an ogre mage
  1782 | D        | Found Nonarhil's Weapon Boutique.
  1785 | D        | Killed an ogre mage
  1785 | D        | Reached XP level 11. HP: 28/54 MP: 12/12
  1794 | D        | Found Cygamn's Antique Armour Shop.
  2108 | D        | Bought a book of Maledictions for 275 gold pieces
  2108 | D        | Bought a book of Cantrips for 220 gold pieces
  2108 | D        | Bought a book of Minor Magic for 220 gold pieces
  2110 | D        | Learned a level 1 spell: Animate Skeleton
  2113 | D        | Learned a level 2 spell: Blink
  2115 | D        | Learned a level 1 spell: Confusing Touch
  2118 | D        | Learned a level 2 spell: Repel Missiles
  2121 | D        | Learned a level 2 spell: Ensorcelled Hibernation
  2123 | D        | Learned a level 1 spell: Corona
  2195 | D        | Noticed Erica
  2208 | D        | Killed Erica
  2208 | D        | Reached skill level 21 in Unarmed Combat
  2559 | D        | Noticed a hill giant
  2560 | D        | Noticed a deep elf mage
  2572 | D        | Killed a hill giant
  2573 | D        | Noticed an ogre mage
  2577 | D        | Killed a deep elf mage
  2582 | D        | Noticed a white ugly thing
  2583 | D        | Killed an ogre mage
  2585 | D        | Noticed a yaktaur captain
  2585 | D        | Reached skill level 10 in Stealth
  2593 | D        | Killed a white ugly thing
  2596 | D        | HP: 2/54 [yaktaur captain/arbalest (25)]
  2601 | D        | Killed a yaktaur captain
  2601 | D        | Reached skill level 22 in Unarmed Combat
  2743 | D        | Noticed Nergalle
  2749 | D        | Killed Nergalle
  2752 | D        | Noticed Snorg
  2759 | D        | Killed Snorg
  2759 | D        | Reached skill level 1 in Invocations
  2759 | D        | Gained mutation: Your thick and shaggy fur keeps you warm. (AC +3, rC+) [Felid growth]
  2759 | D        | Reached XP level 12. HP: 58/58 MP: 3/13
  2850 | D        | Noticed Kirke
  2859 | D        | Noticed a sphinx
  2859 | D        | Killed Kirke
  2904 | D        | Noticed a nagaraja
  2904 | D        | Noticed an anaconda
  2904 | D        | Noticed a naga warrior
  2912 | D        | Killed a naga warrior
  2912 | D        | Reached skill level 23 in Unarmed Combat
  2919 | D        | Killed an anaconda
  2928 | D        | Killed a nagaraja
  3052 | D        | Reached skill level 1 in Spellcasting
  3053 | D        | Noticed a merfolk impaler
  3057 | D        | Reached skill level 24 in Unarmed Combat
  3122 | D        | Mangled by a snapping turtle
  3123 | D        | Reached XP level 11. HP: -9/55 MP: 16/16
  3165 | D        | Slain by a snapping turtle
  3166 | D        | Reached XP level 10. HP: 0/51 MP: 15/15
  3531 | D        | Killed a merfolk impaler
  3654 | D        | Noticed a wolf spider
  3654 | D        | Noticed an entropy weaver
  3654 | D        | Noticed an emperor scorpion
  3654 | D        | Noticed an orb spider
  3659 | D        | Mangled by an emperor scorpion

Skill      XL: |  1  2  3  4  5  6  7  8  9 10 11 12 |
---------------+-------------------------------------+-----
Unarmed Combat | 5 6 8 11 13 15 17 20 22 24 | 24.2
Stealth        | 1 2 3 4 5 6 7 11 12 | 12.1
Dodging        | 5 6 8 10 11 13 15 16 18 | 18.0
Fighting       | 5 6 7 8 9 10 | 10.6
Invocations    | 1 4 |  4.6
Spellcasting   | 3 2 |  3.2

Action                   |  1- 3 |  4- 6 |  7- 9 | 10-12 || total
-------------------------+-------+-------+-------+-------++-------
Melee: Unarmed           |    38 |    25 |    69 |   211 ||   343
       Punch             |     2 |     2 |     7 |    51 ||    62
       Bite              |     3 |     5 |    16 |    43 ||    67
Invok: Step From Time    |       |       |       |     1 ||     1
       Slouch            |       |       |       |     1 ||     1
       Temporal Distorti |       |       |       |     1 ||     1
  Use: Potion            |     1 |     4 |     4 |     5 ||    14
 Stab: Sleeping          |     1 |       |       |     4 ||     5
       Distracted        |       |       |       |     1 ||     1
  Eat: Meat ration       |       |       |       |     1 ||     1
Armor: Skin              |     1 |       |     3 |     4 ||     8
Dodge: Dodged            |    24 |    20 |   104 |   266 ||   414
